 Dungeon Crawl Stone Soup version 0.30-a0-652-gcc886f7154 (webtiles) character file.

Game seed: 7020141668561923893

11 ragingrage the Sneak (level 2, 0/26 HPs)
             Began as an Armataur Delver on Jan 18, 2023.
             Was an Initiate of Elyvilon.
             Killed from afar by an electric eel (11 damage)
             ... with a bolt of electricity
             ... on level 6 of the Dungeon.
             The game lasted 00:01:06 (484 turns).

ragingrage the Sneak (Armataur Delver)               Turns: 484, Time: 00:01:07

Health: 0/26       AC:  4    Str: 17    XL:     2   Next: 13%
Magic:  2/2        EV:  9    Int: 10    God:    Elyvilon [......]
Gold:   0          SH:  0    Dex: 11    Spells: 1/1 levels left

rFire   . . .      SeeInvis .    a - +0 short sword
rCold   . . .      Faith    .    (no shield)
rNeg    . . .      Spirit   .    b - +0 leather armour
rPois   .          Reflect  .    (no helmet)
rElec   .          Harm     .    (no cloak)
rCorr   .          Roll     +    (no gloves)
Will    .....                    (no barding)
Stlth   +++                      (no amulet)
HPRegen 0.24/turn                (no ring)
MPRegen 0.08/turn                (no ring)

@: no status effects
A: large, rugged brown scales 3, deformed body, armoured tail, roll, long
tongue, awkward tongue
a: Renounce Religion


You were on level 6 of the Dungeon.
You worshipped Elyvilon.
Elyvilon was noncommittal.
You visited 2 branches of the dungeon, and saw 3 of its levels.

Inventory:

Hand Weapons
 a - a +0 short sword (weapon)
Armour
 b - a +0 leather armour (worn)
Wands
 g - a wand of digging (3)
Scrolls
 c - a scroll of fog
 d - a scroll of magic mapping
Potions
 f - 2 potions of haste
 h - a potion of berserk rage {unknown}


   Skills:
 - Level 2.6 Fighting
 * Level 2.6 Short Blades
 - Level 1.3 Dodging
 - Level 5.4 Stealth


You had one spell level left.
You didn't know any spells.
Your spell library was empty.

Dungeon Overview and Level Annotations

Branches:
Dungeon (6/15)             Temple (1/1) D:5

Altars:
Dithmenos
Elyvilon
Fedhas
Gozag
Hepliaklqana
Kikubaaqudgha
Makhleb
Nemelex Xobeh
Okawaru
Trog
Vehumet
Xom
Zin
The Shining One

Shops:
D:6 [


Innate Abilities, Weirdness & Mutations

You are completely covered in rugged brown scales. (AC +3, +7% HP)
Armour fits poorly on your strangely shaped body.
You have a long armoured tail.
You roll when moving toward enemies. (Rampage)
Your long tongue fully drains potion bottles. (2x potion effects)
Your tongue gives you trouble enunciating. (1.5x scroll delay)


Message History

You assume a fearsome visage.
The iguana looks frightened!
The scorpion looks frightened!
The jelly looks frightened!
You feel very sick.
You feel sick.
You feel sick.
* * * LOW HITPOINT WARNING * * *
You feel sick.
You feel sick.
You feel sick.
You feel sick.
You feel sick.
You feel sick.
You are no longer poisoned.
An iguana comes into view.
The iguana hisses angrily.
Things that are here:
a +0 club; an orc skeleton
There is a stone staircase leading down here.
You climb downwards.
Found Zuore's Antique Armour Shoppe.
There is a stone staircase leading up here.
An electric eel is nearby!
The electric eel shoots out a bolt of lightning at you!
The bolt of electricity hits you.
* * * LOW HITPOINT WARNING * * *
There is an entrance to Zuore's Antique Armour Shoppe here.
You can access your shopping list by pressing '$'.
You start resting.
HP restored.
Found a potion of haste.
An electric eel comes into view.
You see here a potion of haste.
f - 2 potions of haste (gained 1)
The electric eel shoots out a bolt of lightning at you!
The bolt of electricity hits you!
The electric eel shoots out a bolt of lightning at you!
The bolt of electricity misses you. The bolt of electricity hits you!
The electric eel shoots out a bolt of lightning at you!
The bolt of electricity hits you!
You die...

.# #.# #.# ######.#
############....#.#
#...............#.#
#.##########.####.#####
...∩......<#....@.....#
#########..######..##.#
..................
....................
~~~..~~~~.~~~~~~~~~S~~
~~~~S~~~~~~≈~~≈~~~~~~~
≈≈≈≈≈≈~≈≈≈≈≈≈≈≈≈≈≈≈≈≈≈
≈≈≈≈≈≈≈≈#####≈≈≈≈≈S≈≈≈
#≈≈≈≈≈≈≈≈≈


You could see 2 electric eels.

Vanquished Creatures
  An adder (D:5)
  An orc (D:5)
2 creatures vanquished.

Notes
Turn   | Place    | Note
-------+----------+-------------------------------------------
     0 | D:5      | ragingrage the Armataur Delver began the quest for the Orb.
     0 | D:5      | Reached XP level 1. HP: 19/19 MP: 1/1
   101 | D:5      | Found a staircase to the Ecumenical Temple.
   104 | D:5      | Reached XP level 2. HP: 26/26 MP: 2/2
   106 | Temple   | Entered the Ecumenical Temple
   304 | Temple   | Became a worshipper of Elyvilon the Healer
   324 | D:5      | Noticed a scorpion
   374 | D:6      | Noticed an electric eel
   374 | D:6      | Found Zuore's Antique Armour Shoppe.
   481 | D:6      | Noticed an electric eel
   484 | D:6      | Killed from afar by an electric eel

Illustrated notes

Levels and vault maps discovered:
D:5:      layout_layer_cave, led_sif_pool, minmay_temple_entry_wispy
D:6:      minmay_goblin_kobold_castle, layout_basic, lemuel_round_altar,
          yredelemnul_forgotten_temple_becter, serial_shops, shop, shop,
          shop_fountains, nicolae_shop_crystal, minmay_misc_feat_room,
          bh_walls_and_bars, uniq_eustachio, uniq_pikel
Temple:   eino_narrow_crystal_temple

Skill      XL: |  1 |
---------------+----+-----
Short Blades   | 2 |  2.6
Fighting       | |  2.6
Dodging        | |  1.3
Stealth        | |  5.4

Action                   || total
-------------------------++-------
Melee: Short sword       ||    10
       Tailslap          ||     3
  Use: Scroll            ||     1
 Stab: Sleeping          ||     1
Armor: Leather armour    ||     3
Dodge: Dodged            ||     2

Table legend: (Time is in decaauts)
 A = Elapsed time spent in this place.
 B = Non-inter-level travel time spent in this place.
 C = Inter-level travel time spent in this place.
 D = Time resting spent in this place.
 E = Time spent auto-exploring this place.
 F = Levels seen in this place.
 G = Mean time per level.
                   A        B        C        D        E       F      G
               +--------+--------+--------+--------+--------+-----+--------+
         Total |    483 |    457 |     26 |     80 |    234 |   3 |  161.0 |
       Dungeon |    276 |    276 |      0 |     80 |     62 |   2 |  138.0 |
        Temple |    206 |    180 |     26 |      0 |    172 |   1 |  206.0 |
               +--------+--------+--------+--------+--------+-----+--------+

Top non-repeatable levels by time:
  Temple: 206 daAuts
     D:5: 166 daAuts
     D:6: 109 daAuts
